| TOP OF THE 1ST |
|
Rochester Red Wings batting - Pitching for Pawtucket Red Sox : RHP Danny Klomp
|
|
Pitching: RHP Danny Klomp
|
|
|
Batting: RHB Cyril Husson
|
0-0: Ball 1-0: Ball 2-0: Ground out 4-3 (Groundball, 4, EV 95.0 MPH)
|
|
Batting: SHB Ian Thompson
|
0-0: Called Strike 0-1: Ball 1-1: Swinging Strike 1-2: Ball 2-2: Ball 3-2: Ground out 4-3 (Groundball, 4, EV 105.0 MPH)
|
|
Batting: LHB Chris Munguia
|
0-0: Called Strike 0-1: Ball 1-1: Called Strike 1-2: Fly out, F7 (Flyball, 7LD, EV 93.1 MPH)
|
| Top of the 1st over - 0 runs, 0 hits, 0 errors, 0 left on base; Rochester 0 - Pawtucket 0 |
| BOTTOM OF THE 1ST |
|
Pawtucket Red Sox batting - Pitching for Rochester Red Wings : RHP Bryan Hallman
|
|
Pitching: RHP Bryan Hallman
|
|
|
Batting: RHB Andy Garvin
|
0-0: Ball 1-0: Ball 2-0: Foul Ball, location: 2F 2-1: Swinging Strike 2-2: Strikes out swinging
|
|
Batting: RHB Rodolfo Contreras
|
0-0: Called Strike 0-1: Ball 1-1: Foul Ball, location: 2F 1-2: DOUBLE (Flyball, 89D, EV 106.2 MPH)
|
|
Batting: SHB Ben Ervin
|
0-0: Called Strike 0-1: Ball 1-1: Ground out 6-3 (Groundball, 6, EV 90.6 MPH) Rodolfo Contreras to third
|
|
Batting: RHB Carlos Nolasco
|
0-0: Fly out, F8 (Flyball, 8LM, EV 81.2 MPH)
|
| Bottom of the 1st over - 0 runs, 1 hit, 0 errors, 1 left on base; Rochester 0 - Pawtucket 0 |
| TOP OF THE 2ND |
|
Rochester Red Wings batting - Pitching for Pawtucket Red Sox : RHP Danny Klomp
|
|
Batting: SHB Dan Morataya
|
0-0: Called Strike 0-1: Swinging Strike 0-2: Foul Ball, location: 2F 0-2: Ball 1-2: Ball 2-2: Ball 3-2: Ground out U3 (Groundball, 34, EV 103.1 MPH)
|
|
Batting: LHB Jayden Thomas
|
0-0: Called Strike 0-1: Called Strike 0-2: Ball 1-2: Strikes out looking
|
|
Batting: SHB Manny Molina
|
0-0: Swinging Strike 0-1: Foul Ball, location: 2F 0-2: Ball 1-2: Fly out, F8 (Flyball, 89M, EV 92.5 MPH)
|
| Top of the 2nd over - 0 runs, 0 hits, 0 errors, 0 left on base; Rochester 0 - Pawtucket 0 |
| BOTTOM OF THE 2ND |
|
Pawtucket Red Sox batting - Pitching for Rochester Red Wings : RHP Bryan Hallman
|
|
Batting: LHB Frank Olivo
|
0-0: Ball 1-0: DOUBLE (Line Drive, 89D, EV 93.8 MPH)
|
|
Batting: RHB Brandon Perris
|
0-0: Called Strike 0-1: Ball 1-1: Ball 2-1: Ball 3-1: Called Strike 3-2: Base on Balls
|
|
Batting: RHB Joe Sandoval
|
0-0: DOUBLE (Line Drive, 78M, EV 104.4 MPH) Frank Olivo scores Brandon Perris to third
|
|
Batting: RHB Sal Rivera
|
0-0: Called Strike 0-1: Ball Wild Pitch! Brandon Perris scores Joe Sandoval to third 1-1: Ball 2-1: Ball 3-1: Base on Balls
|
|
Batting: RHB Neil Mautone
|
0-0: Ball 1-0: SINGLE (Groundball, 56D, EV 102.5 MPH) Joe Sandoval scores Sal Rivera to second Runner from 2nd tries for 3rd, OUT! 7-5
|
|
Batting: RHB Andy Garvin
|
0-0: Ball 1-0: Foul Ball, location: 2F 1-1: Foul Ball, location: 2F 1-2: Fielders Choice at 2nd, 6-4 (Groundball, 6M, EV 89.4 MPH)
|
|
Batting: RHB Rodolfo Contreras
|
0-0: Ball 1-0: Ball 2-0: Called Strike 2-1: Ball 3-1: Ground out 6-3 (Groundball, 6M, EV 103.1 MPH)
|
| Bottom of the 2nd over - 3 runs, 3 hits, 0 errors, 1 left on base; Rochester 0 - Pawtucket 3 |
| TOP OF THE 3RD |
|
Rochester Red Wings batting - Pitching for Pawtucket Red Sox : RHP Danny Klomp
|
|
Batting: RHB Manuel Juarez
|
0-0: Called Strike 0-1: Ground out 6-3 (Groundball, 6, EV 102.5 MPH)
|
|
Batting: RHB Mike Craver
|
0-0: Ball 1-0: Ball 2-0: Foul Ball, location: 2F 2-1: Swinging Strike 2-2: Ball 3-2: Strikes out swinging
|
|
Batting: RHB Ryan Gautney
|
0-0: Ball 1-0: Swinging Strike 1-1: Ground out 5-3 (Groundball, 5S, EV 72.5 MPH)
|
| Top of the 3rd over - 0 runs, 0 hits, 0 errors, 0 left on base; Rochester 0 - Pawtucket 3 |
| BOTTOM OF THE 3RD |
|
Pawtucket Red Sox batting - Pitching for Rochester Red Wings : RHP Bryan Hallman
|
|
Batting: SHB Ben Ervin
|
0-0: Ball 1-0: Foul Ball, location: 2F 1-1: Ground out 6-3 (Groundball, 6, EV 83.8 MPH)
|
|
Batting: RHB Carlos Nolasco
|
0-0: Ball 1-0: Ball 2-0: Ball 3-0: Called Strike 3-1: Called Strike 3-2: SINGLE (Popup, 6D, EV 65.0 MPH)
|
|
Batting: LHB Frank Olivo
|
0-0: Ball 1-0: Foul Ball, location: 2F 1-1: Fly out, F8 (Flyball, 8LD, EV 103.8 MPH)
|
|
Batting: RHB Brandon Perris
|
0-0: Fielders Choice at 2nd, 6-4 (Groundball, 6, EV 79.4 MPH)
|
| Bottom of the 3rd over - 0 runs, 1 hit, 0 errors, 1 left on base; Rochester 0 - Pawtucket 3 |
| TOP OF THE 4TH |
|
Rochester Red Wings batting - Pitching for Pawtucket Red Sox : RHP Danny Klomp
|
|
Batting: RHB Cyril Husson
|
0-0: Swinging Strike 0-1: Ball 1-1: Ball 2-1: Ball 3-1: Base on Balls
|
|
Batting: SHB Ian Thompson
|
0-0: Called Strike 0-1: Called Strike Cyril Husson is caught stealing 2nd base 2-6 0-2: Foul Ball, location: 2F 0-2: Ball 1-2: Foul Ball, location: 2F 1-2: Foul Ball, location: 2F 1-2: Ball 2-2: Ball 3-2: Strikes out swinging
|
|
Batting: LHB Chris Munguia
|
0-0: Called Strike 0-1: Foul Ball, location: 2F 0-2: Foul Ball, location: 2F 0-2: Strikes out swinging
|
| Top of the 4th over - 0 runs, 0 hits, 0 errors, 0 left on base; Rochester 0 - Pawtucket 3 |
| BOTTOM OF THE 4TH |
|
Pawtucket Red Sox batting - Pitching for Rochester Red Wings : RHP Bryan Hallman
|
|
Batting: RHB Joe Sandoval
|
0-0: Swinging Strike 0-1: Foul Ball, location: 2F 0-2: Ball 1-2: Ball 2-2: Ball 3-2: DOUBLE (Groundball, 5L, EV 100.6 MPH)
|
|
Batting: RHB Sal Rivera
|
0-0: Foul Ball, location: 2F 0-1: Called Strike 0-2: Foul Ball, location: 2F 0-2: 2-RUN HOME RUN (Flyball, 7D, EV 93.8 MPH), Distance : 373 ft
|
|
Pitching: RHP Justin Gorden
|
|
|
Batting: RHB Neil Mautone
|
0-0: Ball 1-0: Foul Ball, location: 2F 1-1: Ball 2-1: Foul Ball, location: 2F 2-2: Strikes out looking
|
|
Batting: RHB Andy Garvin
|
0-0: Ball 1-0: Swinging Strike 1-1: Ground out 2-3 (Groundball, 2L, EV 69.4 MPH)
|
|
Batting: RHB Rodolfo Contreras
|
0-0: Swinging Strike 0-1: Called Strike 0-2: Ground out 4-3 (Groundball, 34, EV 93.1 MPH)
|
| Bottom of the 4th over - 2 runs, 2 hits, 0 errors, 0 left on base; Rochester 0 - Pawtucket 5 |
| TOP OF THE 5TH |
|
Rochester Red Wings batting - Pitching for Pawtucket Red Sox : RHP Danny Klomp
|
|
Batting: SHB Dan Morataya
|
0-0: Foul Ball, location: 2F 0-1: Swinging Strike 0-2: Ball 1-2: Ball 2-2: Ball 3-2: Foul Ball, location: 2F 3-2: Foul Ball, location: 2F 3-2: Foul Ball, location: 2F 3-2: Foul Ball, location: 2F 3-2: Strikes out swinging, 2-3 out at first.
|
|
Batting: LHB Jayden Thomas
|
0-0: Swinging Strike 0-1: Fly out, F8 (Line Drive, 8RS, EV 95.6 MPH)
|
|
Batting: SHB Manny Molina
|
0-0: Called Strike 0-1: Ball 1-1: Called Strike 1-2: Ball 2-2: Ball 3-2: Base on Balls
|
|
Batting: RHB Manuel Juarez
|
0-0: Ball Manny Molina steals 2nd base (no throw) 1-0: Foul Ball, location: 2F 1-1: Ball 2-1: Foul Ball, location: 2F 2-2: Strikes out looking
|
| Top of the 5th over - 0 runs, 0 hits, 0 errors, 1 left on base; Rochester 0 - Pawtucket 5 |
| BOTTOM OF THE 5TH |
|
Pawtucket Red Sox batting - Pitching for Rochester Red Wings : RHP Justin Gorden
|
|
Batting: SHB Ben Ervin
|
0-0: Called Strike 0-1: Ground out U3 (Groundball, 23, EV 83.8 MPH)
|
|
Batting: RHB Carlos Nolasco
|
0-0: Swinging Strike 0-1: Foul Ball, location: 2F 0-2: Foul Ball, location: 2F 0-2: SINGLE (Line Drive, 4D, EV 98.8 MPH)
|
|
Batting: LHB Frank Olivo
|
0-0: Called Strike 0-1: Swinging Strike 0-2: Foul Ball, location: 2F 0-2: Foul Ball, location: 2F 0-2: Ball 1-2: Strikes out swinging
|
|
Batting: RHB Brandon Perris
|
0-0: Swinging Strike 0-1: Ball 1-1: Called Strike 1-2: Strikes out swinging passed ball, reaches first! Carlos Nolasco to second
|
|
Batting: RHB Joe Sandoval
|
0-0: Ball 1-0: Swinging Strike 1-1: Ball 2-1: Ball 3-1: Base on Balls Carlos Nolasco to third Brandon Perris to second
|
|
Batting: RHB Sal Rivera
|
0-0: Called Strike 0-1: Foul Ball, location: 2F 0-2: Ball 1-2: Ball 2-2: Ball 3-2: Fly out, F8 (Flyball, 8RD, EV 91.9 MPH)
|
| Bottom of the 5th over - 0 runs, 1 hit, 0 errors, 3 left on base; Rochester 0 - Pawtucket 5 |
| TOP OF THE 6TH |
|
Rochester Red Wings batting - Pitching for Pawtucket Red Sox : RHP Danny Klomp
|
|
Batting: RHB Mike Craver
|
0-0: Ball 1-0: Foul Ball, location: 2F 1-1: Ball 2-1: Foul Ball, location: 2F 2-2: Strikes out swinging
|
|
Batting: RHB Ryan Gautney
|
0-0: Fly out, F8 (Flyball, 8LM, EV 90.6 MPH)
|
|
Batting: RHB Cyril Husson
|
0-0: Called Strike 0-1: Ball 1-1: Fly out, F4 (Popup, 4, EV 61.2 MPH)
|
| Top of the 6th over - 0 runs, 0 hits, 0 errors, 0 left on base; Rochester 0 - Pawtucket 5 |
| BOTTOM OF THE 6TH |
|
Pawtucket Red Sox batting - Pitching for Rochester Red Wings : RHP Justin Gorden
|
|
Batting: RHB Neil Mautone
|
0-0: Ball 1-0: Ground out 6-3 (Groundball, 6, EV 84.4 MPH)
|
|
Batting: RHB Andy Garvin
|
0-0: Called Strike 0-1: Called Strike 0-2: Ball 1-2: Fly out, F9 (Line Drive, 89S, EV 93.8 MPH)
|
|
Batting: RHB Rodolfo Contreras
|
0-0: Called Strike 0-1: Swinging Strike 0-2: Strikes out swinging
|
| Bottom of the 6th over - 0 runs, 0 hits, 0 errors, 0 left on base; Rochester 0 - Pawtucket 5 |
| TOP OF THE 7TH |
|
Rochester Red Wings batting - Pitching for Pawtucket Red Sox : RHP Danny Klomp
|
|
Batting: SHB Ian Thompson
|
0-0: Ball 1-0: Ground out 5-3 (Groundball, 56, EV 89.4 MPH)
|
|
Batting: LHB Chris Munguia
|
0-0: Ball 1-0: SINGLE (Groundball, 34S, EV 74.4 MPH) (infield hit)
|
|
Batting: SHB Dan Morataya
|
0-0: Called Strike 0-1: Ball 1-1: Called Strike 1-2: Ball Chris Munguia is caught stealing 2nd base 2-6 2-2: Strikes out looking
|
| Top of the 7th over - 0 runs, 1 hit, 0 errors, 0 left on base; Rochester 0 - Pawtucket 5 |
| BOTTOM OF THE 7TH |
|
Pawtucket Red Sox batting - Pitching for Rochester Red Wings : RHP Justin Gorden
|
|
Batting: SHB Ben Ervin
|
0-0: Ball 1-0: Ball 2-0: Ball 3-0: Foul Ball, location: 2F 3-1: Foul Ball, location: 2F 3-2: Foul Ball, location: 2F 3-2: Base on Balls
|
|
Batting: RHB Carlos Nolasco
|
0-0: Called Strike 0-1: Called Strike 0-2: Ball 1-2: Foul Ball, location: 2F 1-2: Ball Ben Ervin is caught stealing 2nd base 2-4 2-2: Foul Ball, location: 2F 2-2: Strikes out swinging
|
|
Batting: LHB Frank Olivo
|
0-0: SINGLE (Groundball, 4D, EV 104.4 MPH)
|
|
Pitching: LHP Josh Gunderson
|
|
|
Batting: RHB Brandon Perris
|
0-0: Ball 1-0: Ball 2-0: Called Strike 2-1: Ball 3-1: Fly out, F8 (Flyball, 8RD, EV 81.2 MPH)
|
| Bottom of the 7th over - 0 runs, 1 hit, 0 errors, 1 left on base; Rochester 0 - Pawtucket 5 |
| TOP OF THE 8TH |
|
Rochester Red Wings batting - Pitching for Pawtucket Red Sox : RHP Danny Klomp
|
|
Pitching: RHP Steve Capizzi
|
|
|
Batting: LHB Jayden Thomas
|
0-0: Foul Ball, location: 2F 0-1: Foul Ball, location: 2F 0-2: Ground out 4-3 (Groundball, 4, EV 105.0 MPH)
|
|
Batting: SHB Manny Molina
|
0-0: Ball 1-0: Called Strike 1-1: Foul Ball, location: 2F 1-2: Ball 2-2: Foul Ball, location: 2F 2-2: Strikes out looking
|
|
Batting: RHB Manuel Juarez
|
0-0: Called Strike 0-1: Ball 1-1: SINGLE (Groundball, 25, EV 69.4 MPH) (infield hit)
|
|
Batting: RHB Mike Craver
|
0-0: Ball 1-0: Ball 2-0: Called Strike 2-1: Foul Ball, location: 2F 2-2: Foul Ball, location: 2F 2-2: Strikes out swinging
|
| Top of the 8th over - 0 runs, 1 hit, 0 errors, 1 left on base; Rochester 0 - Pawtucket 5 |
| BOTTOM OF THE 8TH |
|
Pawtucket Red Sox batting - Pitching for Rochester Red Wings : LHP Josh Gunderson
|
|
Batting: RHB Joe Sandoval
|
0-0: Ball 1-0: Foul Ball, location: 2F 1-1: Ball 2-1: Called Strike 2-2: SINGLE (Groundball, 6MD, EV 98.8 MPH)
|
|
Batting: RHB Sal Rivera
|
0-0: Called Strike 0-1: Foul Ball, location: 2F 0-2: Fielders Choice at 2nd, 6-4 (Groundball, 6, EV 79.4 MPH)
|
|
Batting: RHB Neil Mautone
|
0-0: Called Strike 0-1: Called Strike 0-2: Ball 1-2: Ball 2-2: Fly out, F9 (Flyball, 89S, EV 77.5 MPH)
|
|
Batting: RHB Andy Garvin
|
0-0: Ball 1-0: Foul Ball, location: 2F 1-1: Foul Ball, location: 2F 1-2: Ball 2-2: Foul Ball, location: 2F 2-2: Fly out, F9 (Flyball, 9D, EV 96.2 MPH)
|
| Bottom of the 8th over - 0 runs, 1 hit, 0 errors, 1 left on base; Rochester 0 - Pawtucket 5 |
| TOP OF THE 9TH |
|
Rochester Red Wings batting - Pitching for Pawtucket Red Sox : RHP Steve Capizzi
|
|
Batting: RHB Ryan Gautney
|
0-0: Foul Ball, location: 2F 0-1: Swinging Strike 0-2: Strikes out looking
|
|
Batting: RHB Cyril Husson
|
0-0: Ball 1-0: Ball 2-0: Called Strike 2-1: Foul Ball, location: 2F 2-2: Foul Ball, location: 2F 2-2: Ball 3-2: Strikes out looking
|
|
Batting: SHB Ian Thompson
|
0-0: Called Strike 0-1: Ball 1-1: Ball 2-1: SINGLE (Line Drive, 34, EV 102.5 MPH)
|
|
Batting: LHB Chris Munguia
|
0-0: Ball 1-0: Called Strike 1-1: Swinging Strike 1-2: Strikes out looking
|
| Top of the 9th over - 0 runs, 1 hit, 0 errors, 1 left on base; Rochester 0 - Pawtucket 5 |
|